 Dungeon Crawl Stone Soup version 0.26.1-11-gd32895ea62 (webtiles) character file.

Game seed: 177229564429623791

7307 ubername the Frost Mage (level 11, -2/73 HPs)
             Began as a Barachi Ice Elementalist on June 18, 2021.
             Was a Believer of Vehumet.
             Slain by a white ugly thing (9 damage)
             ... on level 9 of the Dungeon.
             The game lasted 00:40:56 (14927 turns).

ubername the Frost Mage (Barachi Ice Elementalist) Turns: 14927, Time: 00:40:57

Health: -2/73      AC: 20    Str: 10    XL:     11   Next: 13%
Magic:  24/24      EV: 13    Int: 19    God:    Vehumet [**....]
Gold:   557        SH:  0    Dex: 12    Spells: 18/29 levels left

rFire    . . .     SeeInvis .   a - +1 short sword (drain)
rCold    + . .     Faith    .   (no shield)
rNeg     . . .     Spirit   .   t - +2 robe {rF+}
rPois    .         Reflect  .   v - +1 helmet
rElec    .         Harm     .   p - +0 cloak
rCorr    +         Rampage  .   x - +0 pair of gloves
Will     .....                  o - +1 pair of boots
Stlth    ++........             G - amulet of magic regeneration
HPRegen  0.22/turn              c - ring of ice
MPRegen  0.44/turn              f - ring of resist corrosion

@: mighty, brilliant, icy armour (expiring), slow
A: +LOS, swims, slowness 1, strong legs 1
a: Hop, Renounce Religion


You were on level 9 of the Dungeon.
You worshipped Vehumet.
Vehumet was pleased with you.
You visited 2 branches of the dungeon, and saw 10 of its levels.

You collected 557 gold pieces.

Inventory:

Hand Weapons
 a - a +1 short sword of draining (weapon)
 b - a +0 fustibalus
Missiles
 e - 412 stones
 k - 8 atropa-tipped darts
 l - 38 sling bullets
 n - 58 poisoned darts (quivered)
 q - 40 boomerangs
Armour
 o - a +1 pair of boots (worn)
 p - a +0 cloak (worn)
 t - a +2 robe of fire resistance (worn)
 v - a +1 helmet (worn)
 x - a +0 pair of gloves (worn)
Jewellery
 c - a ring of ice (left hand)
 f - a ring of resist corrosion (right hand)
 G - an amulet of magic regeneration (around neck)
Wands
 y - a wand of flame (30)
 A - a wand of disintegration (8)
 D - a wand of random effects (35)
 E - a wand of iceblast (8)
Scrolls
 d - 5 scrolls of remove curse
 i - 10 scrolls of identify
 z - a scroll of amnesia
Potions
 g - a potion of ambrosia
 h - 2 potions of invisibility
 m - 2 potions of curing
 r - a potion of cancellation
 B - a potion of flight
 F - a potion of haste


   Skills:
 + Level 2.4 Fighting
 + Level 2.1 Short Blades
 + Level 1.0(2.2) Slings
 + Level 3.2(3.3) Throwing
 + Level 3.7 Dodging
 + Level 2.6 Stealth
 * Level 9.9 Spellcasting
 + Level 0.6 Conjurations
 * Level 5.7 Hexes
 * Level 5.5 Fire Magic
 * Level 12.3 Ice Magic


You had 18 spell levels left.
You knew the following spells:

 Your Spells              Type           Power        Failure   Level
a - Freeze                Ice            100%         1%          1
b - Frozen Ramparts       Ice            100%         1%          3
c - Ozocubu's Armour      Ice            91%          1%          3
d - Foxfire               Conj/Fire      100%         2%          1
e - Tukima's Dance        Hex            47%          1%          3

Your spell library contained the following spells:

 Spells                   Type           Power        Failure   Level
 Stone Arrow              Conj/Erth      30%          21%         3
 Corona                   Hex            52%          1%          1
 Ensorcelled Hibernation  Hex/Ice        100%         1%          2
 Confusing Touch          Hex            47%          1%          3
 Metabolic Englaciation   Hex/Ice        39%          4%          5
 Hailstorm                Conj/Ice       67%          5%          4
 Dazzling Flash           Conj/Hex       64%          6%          3
 Summon Ice Beast         Ice/Summ       65%          6%          4
 Gell's Gravitas          Tloc           7%           22%         3
 Yara's Violent Unravell  Hex/Tmut       15%          54%         5
 Petrify                  Tmut/Erth      14%          58%         4


Dungeon Overview and Level Annotations

Branches:
Dungeon (9/15)             Temple (1/1) D:5
   Lair: D:8-11         Orc: D:9-12

Altars:
Ashenzari
Cheibriados
Dithmenos
Elyvilon
Fedhas
Hepliaklqana
Kikubaaqudgha
Makhleb
Okawaru
Qazlal
Ru
Sif Muna
Trog
Uskayaw
Vehumet
Wu Jian
Xom
Yredelemnul
Zin
The Shining One

Shops:
D:7 !


Innate Abilities, Weirdness & Mutations

You can be seen from farther away. (+LOS)
You can swim through water.
You cover ground slowly.
You can hop short distances.


Message History

Casting: Foxfire (safe; 2% risk of failure)
Confirm with . or Enter, or press ? or * to list all spells.
Okay, then.
Unknown command.
You feel very mighty all of a sudden. The white ugly thing pecks you.
* * * LOW HITPOINT WARNING * * *
The white ugly thing freezes you! You resist.
* * * LOW HITPOINT WARNING * * *
The jackal barks!
You puncture the white ugly thing!
The white ugly thing is almost dead.
The white ugly thing pecks you but does no damage.
You closely miss the white ugly thing.
The white ugly thing is almost dead.
The white ugly thing misses you.
You feel better. The white ugly thing pecks you.
* * * LOW HITPOINT WARNING * * *
The white ugly thing freezes you! You resist.
You die...

...#.##
...........#(#.##
#....
########.......# .
####..#.#>.#
#.....#.#..#
#.##.......#
#.##.##.##.#
####.##.##.# .#
#.##....##..... .#
#...@.........####
####u#####......
#†. ####### #h.#
#... ..### #.# ..#
...


You could see a white ugly thing (drained) and a jackal.

Vanquished Creatures
  Harold (D:8)
  2 two-headed ogres (D:8)
  An unseen horror (D:8)
  A troll (D:9)
  6 yaks (D:9)
  Duvessa (D:4)
  2 orc warriors (D:8)
  3 sky beasts
  An ice beast (D:8)
  2 black bears
  A phantom (D:6)
  3 ogres
  A necrophage (D:9)
  5 centaurs
  3 bullfrogs
  2 scorpions (D:6)
  A wyvern skeleton (D:6)
  Dowan (D:4)
  2 howler monkeys
  A centaur zombie (D:6)
  A quasit (D:9)
  A jelly (D:4)
  6 hounds
  5 orc priests
  12 orc wizards
  6 worker ants
  2 iguanas
  Natasha (thrice) (D:4)
  A killer bee zombie (D:7)
  A worker ant zombie (D:7)
  A howler monkey zombie (D:8)
  Robin (D:4)
  3 gnolls (D:6)
  13 adders
  2 shadow imps
  5 white imps
  2 ufetubi
  3 oozes (D:1)
  2 dart slugs
  11 leopard geckos
  28 orcs
  A ball python (D:1)
  13 bats
  3 giant cockroaches
  16 goblins
  9 hobgoblins
  12 jackals
  9 kobolds
  3 quokkas
  6 frilled lizards
  A jackal skeleton (D:5)
  16 rats
238 creatures vanquished.

Vanquished Creatures (collateral kills)
  An orc warrior (D:8)
  An orc wizard (D:8)
  2 orcs (D:8)
4 creatures vanquished.

Vanquished Creatures (others)
  A dancing weapon (D:8)
  40 foxfires
41 creatures vanquished.

Grand Total: 283 creatures vanquished

Notes
Turn   | Place    | Note
-------+----------+-------------------------------------------
     0 | D:1      | ubername the Barachi Ice Elementalist began the quest for
                  | the Orb.
     0 | D:1      | Reached XP level 1. HP: 13/13 MP: 3/3
    47 | D:1      | Reached skill level 5 in Ice Magic
   250 | D:1      | Reached XP level 2. HP: 18/19 MP: 5/5
   602 | D:1      | Reached XP level 3. HP: 22/24 MP: 1/6
   606 | D:1      | Learned a level 3 spell: Frozen Ramparts
   610 | D:1      | Learned a level 3 spell: Ozocubu's Armour
  1592 | D:2      | Found a basalt altar of Yredelemnul.
  1592 | D:2      | Found a hide-covered altar of Uskayaw.
  1681 | D:2      | Found a faded altar of an unknown god.
  1756 | D:2      | Reached XP level 4. HP: 30/30 MP: 6/8
  1840 | D:2      | Found an iron altar of Okawaru.
  2405 | D:2      | Found a white marble altar of Elyvilon.
  2405 | D:2      | Found a shadowy altar of Dithmenos.
  2506 | D:2      | Found an ornate altar of the Wu Jian Council.
  2725 | D:2      | Found a hazy altar of Hepliaklqana.
  2727 | D:2      | Found a blossoming altar of Fedhas.
  3010 | D:3      | Found a shadowy altar of Dithmenos.
  3090 | D:3      | Reached skill level 6 in Ice Magic
  3209 | D:3      | Reached XP level 5. HP: 35/35 MP: 6/10
  3639 | D:3      | Reached skill level 1 in Throwing
  3791 | D:3      | Reached XP level 6. HP: 34/41 MP: 7/11
  4206 | D:4      | Noticed Robin
  4214 | D:4      | Reached skill level 1 in Hexes
  4713 | D:4      | Noticed Dowan
  4729 | D:4      | Killed Dowan
  4812 | D:4      | Noticed Duvessa
  4822 | D:4      | Killed Duvessa
  4823 | D:4      | Reached skill level 7 in Ice Magic
  4823 | D:4      | Reached XP level 7. HP: 11/46 MP: 1/13
  5051 | D:4      | Killed Robin
  5593 | D:4      | Found a bloodstained altar of Trog.
  5663 | D:4      | Noticed Natasha
  5687 | D:4      | Killed Natasha
  5822 | D:4      | Noticed Natasha
  5825 | D:4      | Killed Natasha
  6144 | D:4      | Noticed Natasha
  6168 | D:4      | Killed Natasha
  6169 | D:4      | Reached skill level 8 in Ice Magic
  6298 | D:5      | Entered Level 5 of the Dungeon
  6456 | D:5      | Found a staircase to the Ecumenical Temple.
  6462 | Temple   | Entered the Ecumenical Temple
  6519 | Temple   | Became a worshipper of Vehumet
  6745 | D:5      | Found a stormy altar of Qazlal.
  6785 | D:5      | Reached skill level 5 in Spellcasting
  7357 | D:5      | Reached XP level 8. HP: 53/53 MP: 12/15
  7744 | D:6      | Reached skill level 1 in Fighting
  8031 | D:6      | Got a sheer robe
  8032 | D:6      | Identified the +2 robe of the Stars {rElec rN+++ Will+
                  | Int-5} (You found it on level 6 of the Dungeon)
  8156 | D:6      | Reached skill level 9 in Ice Magic
  8355 | D:6      | Reached skill level 1 in Short Blades
  9398 | D:6      | Reached * piety under Vehumet
  9398 | D:6      | Offered knowledge of Foxfire by Vehumet.
  9546 | D:6      | Learned a level 1 spell: Foxfire
 10234 | D:7      | Reached skill level 1 in Fire Magic
 10234 | D:7      | Reached XP level 9. HP: 54/59 MP: 14/18
 10309 | D:7      | Reached skill level 10 in Ice Magic
 10437 | D:7      | Found a burning altar of Makhleb.
 10555 | D:7      | Found Gepoall's Distillery.
 10699 | D:7      | Found a glowing silver altar of Zin.
 10772 | D:8      | Noticed a two-headed ogre
 10779 | D:8      | Killed a two-headed ogre
 11415 | D:8      | Found a runed translucent door.
 11472 | D:8      | Learned a level 3 spell: Tukima's Dance
 12396 | D:8      | Killed an unseen horror
 12397 | D:8      | Reached skill level 1 in Slings
 12397 | D:8      | Reached skill level 11 in Ice Magic
 12397 | D:8      | Reached XP level 10. HP: 29/67 MP: 13/22
 12641 | D:8      | Noticed a two-headed ogre
 12657 | D:8      | Killed a two-headed ogre
 12658 | D:8      | Reached skill level 5 in Hexes
 13449 | D:8      | Noticed Harold
 13476 | D:8      | Killed Harold
 13778 | D:8      | Offered knowledge of Sandblast by Vehumet.
 14291 | D:9      | Reached ** piety under Vehumet
 14404 | D:9      | Reached skill level 5 in Fire Magic
 14405 | D:9      | Reached skill level 12 in Ice Magic
 14518 | D:9      | Reached XP level 11. HP: 41/72 MP: 21/24
 14889 | D:9      | Noticed a white ugly thing
 14910 | D:9      | Offered knowledge of Stone Arrow by Vehumet.
 14924 | D:9      | HP: 2/73 [white ugly thing (11)]
 14927 | D:9      | Slain by a white ugly thing

Illustrated notes

Levels and vault maps discovered:
D:1:      dpeg_arrival_tiny_d, layout_loops_corners, minmay_small_reverse_x
D:2:      layout_basic, gammafunk_temple_overflow_claw,
          grunt_temple_overflow_open, nicolae_overflow_hidden_temple,
          chequers_ecumenical_altar_simple, kennysheep_okawaru_gauntlet
D:3:      layout_loops_ring, grunt_dithmenos_smoke
D:4:      layout_loops_ring, lightli_temple_of_fire, corexii_leaking_fountain,
          amethyst_killhole, grunt_decor_arrowhead, uniq_duvessa, uniq_robin,
          uniq_natasha
D:5:      layout_loops_corners, minmay_temple_entry_crystal_x, basic_altar,
          kennysheep_generic_room_10
D:6:      layout_cave_pods
D:7:      layout_cave_pools, lemuel_doored_altar, zin_academy, serial_shops,
          nicolae_shop_window_shopping
D:8:      layout_basic, minmay_misc_feat_alley, wad_hexagon, uniq_harold
D:9:      layout_loops_ring, gammafunk_temple_overflow_wave,
          gammafunk_ghost_berserking_beasts, minmay_crystal_water,
          minmay_fractal_squares_5
Temple:   kb_temple_of_zot

Skill      XL: |  1  2  3  4  5  6  7  8  9 10 |
---------------+-------------------------------+-----
Ice Magic      | 5 6 7 8 9 11 12 | 12.3
Spellcasting   | 3 4 5 6 8 9 |  9.9
Stealth        | 2 |  2.6
Throwing       | 2 3 |  3.2
Hexes          | 1 3 4 5 |  5.7
Fighting       | 1 2 |  2.4
Short Blades   | 1 2 |  2.1
Fire Magic     | 1 3 5 |  5.5
Dodging        | 3 |  3.7
Slings         | 1 |  1.0
Conjurations   | |  0.6

Action                   |  1- 3 |  4- 6 |  7- 9 | 10-12 || total
-------------------------+-------+-------+-------+-------++-------
Melee: Dagger            |    33 |    25 |     7 |       ||    65
       Unarmed           |     1 |       |       |       ||     1
       Short sword       |       |       |   122 |    72 ||   194
 Fire: Fustibalus        |       |       |    16 |     1 ||    17
Throw: Stone             |     1 |       |       |       ||     1
       Dart              |       |    14 |     2 |    13 ||    29
       Boomerang         |       |     1 |    61 |       ||    62
 Cast: Freeze            |    36 |    10 |    17 |     3 ||    66
       Frozen Ramparts   |     9 |    30 |    51 |    34 ||   124
       Ozocubu's Armour  |       |     5 |    26 |    22 ||    53
       Foxfire           |       |       |    18 |     4 ||    22
       Tukima's Dance    |       |       |     1 |    18 ||    19
 Abil: Hop               |       |       |     1 |       ||     1
Evoke: Wand              |       |       |       |     1 ||     1
  Use: Scroll            |     3 |     4 |     7 |     2 ||    16
       Potion            |       |       |    12 |     7 ||    19
 Stab: Sleeping          |     1 |       |       |       ||     1
Armor: Robe              |    15 |    18 |    71 |    48 ||   152
Dodge: Dodged            |    44 |    39 |   131 |    84 ||   298
